 Dungeon Crawl Stone Soup version 0.29-a0-1008-g949cc1d0fb (webtiles) character file.

Game seed: 10095404601633705645

127 Klosterheim the Chiller (level 4, -4/18 HPs)
             Began as a Felid Ice Elementalist on Aug 7, 2022.
             Slain by a gnoll
             ... wielding a +0 whip
              (8 damage)
             ... on level 3 of the Dungeon.
             The game lasted 00:07:33 (3785 turns).

Klosterheim the Chiller (Felid Ice Elementalist)    Turns: 3785, Time: 00:07:34

Health: -4/18      AC:  1    Str:  4    XL:     4   Next: 85%
Magic:  3/8        EV: 17    Int: 18    God:
Gold:   69         SH:  0    Dex: 16    Spells: 3/7 levels left
                                        Lives:  0   Deaths: 1

rFire   . . .      SeeInvis +   (weapon unavailable)
rCold   . . .      Faith    .   (shield unavailable)
rNeg    . . .      Spirit   .   (body armour unavailable)
rPois   .          Reflect  .   (helmet unavailable)
rElec   .          Harm     .   (cloak unavailable)
rCorr   .          Rampage  .   (gloves unavailable)
Will    .....                   (boots unavailable)
Stlth   +++.......              (no amulet)
HPRegen 0.06/turn               e - +4 ring of slaying
MPRegen 0.11/turn               (no ring)

@: lethally poisoned (-4 -> -5), very slightly contaminated, quick
A: very small, claws 1, fangs 3, see invisible, speed 1, shaggy fur 1, stealthy
paws, no weapons or thrown items, no armour, multi-lived
a: no special abilities


You were on level 3 of the Dungeon.
You visited 1 branch of the dungeon, and saw 3 of its levels.

You collected 69 gold pieces.

Inventory:

Jewellery
 e - a +4 ring of slaying (left paw)
Scrolls
 b - 2 scrolls of vulnerability
 f - a scroll of teleportation
Potions
 a - a potion of magic
 c - 2 potions of flight {unknown}
 d - a potion of lignification {unknown}
 g - 3 potions of curing
 h - 2 potions of haste {unknown}


   Skills:
 - Level 3.0 Dodging
 + Level 4.8 Stealth
 - Level 2.0 Spellcasting
 * Level 5.3 Ice Magic


You had 3 spell levels left.
You knew the following spells:

 Your Spells              Type           Power      Damage    Failure   Level
a - Freeze                Ice            84%        1d10      1%          1
b - Frozen Ramparts       Ice            42%        1d7       6%          3

Your spell library contained the following spells:

 Spells                   Type           Power      Damage    Failure   Level
 Ozocubu's Armour         Ice            21%        N/A       6%          3
 Hailstorm                Conj/Ice       11%        3d5       52%         4


Dungeon Overview and Level Annotations

Branches:
Dungeon (3/15)

Altars:


Innate Abilities, Weirdness & Mutations

You have sharp claws.
You have razor-sharp teeth.
You have supernaturally acute eyesight. (SInv)
You cover ground quickly. (Speed+)
You are covered in fur. (AC +1)
Your paws help you pounce on unaware monsters.
You are incapable of wielding weapons or throwing items.
You cannot wear armour.
You gain extra lives every three experience levels.


Message History

You miscast Freeze.
You are very lightly contaminated with residual magic.
Nothing appears to happen.
You feel sick.
The gnoll hits you with a +1 whip of electrocution.
Casting: Freeze (safe; 1% risk of failure)
Confirm with . or Enter, or press ? or * to list all spells.
Aiming: Freeze (safe; 1% risk of failure)
Press: ? - help, Shift-Dir - straight line, f/p - gnoll
Aim: a gnoll, wielding a +1 whip of electrocution You freeze the gnoll.
The gnoll is moderately wounded.
You feel sick. The gnoll barely misses you.
Casting: Freeze (safe; 1% risk of failure)
Confirm with . or Enter, or press ? or * to list all spells.
Aiming: Freeze (safe; 1% risk of failure)
Press: ? - help, Shift-Dir - straight line, f/p - gnoll
Aim: a gnoll, wielding a +1 whip of electrocution (moderately wounded)
You freeze the gnoll.
The gnoll is severely wounded.
You feel sick. The gnoll barely misses you.
The gnoll hits you with a +1 whip of electrocution.
Casting: Freeze (safe; 1% risk of failure)
Confirm with . or Enter, or press ? or * to list all spells.
Aiming: Freeze (safe; 1% risk of failure)
Press: ? - help, Shift-Dir - straight line, f/p - gnoll
Aim: a gnoll, wielding a +1 whip of electrocution (severely wounded)
You freeze the gnoll!
You kill the gnoll!
You feel sick. The gnoll hits you with a +0 club.
* * * LOW HITPOINT WARNING * * *
The gnoll barely misses you.
Casting: Freeze (safe; 1% risk of failure)
Confirm with . or Enter, or press ? or * to list all spells.
Aiming: Freeze (safe; 1% risk of failure)
Press: ? - help, Shift-Dir - straight line, f - gnoll
Aim: a gnoll, wielding a +0 club You freeze the gnoll!
The gnoll is heavily wounded.
You feel sick. The gnoll closely misses you. The gnoll hits you with a +0 whip!
You die...

#....#.#.#..#.#.##.#.
#....#.#.#..#<...# # .
#....#.#.#..#.####.#. .>
+....................
...#....#.#.#........###
#.......................
........................
............####...#....
......g@....# .........
......g)....# .........
........................
............... ....
................ ###
............####
#######'#+### #..


You could see 2 gnolls.

Vanquished Creatures
  An orc priest (D:3)
  2 orc wizards (D:3)
  A gnoll (D:3)
  3 adders (D:2)
  A worm (D:2)
  2 dart slugs
  2 orcs (D:3)
  3 ball pythons
  5 endoplasms
  3 goblins
  4 hobgoblins
  3 jackals (D:1)
  2 kobolds
  A quokka (D:1)
  7 bats
  3 frilled lizards
  A rat (D:2)
44 creatures vanquished.

Notes
Turn   | Place    | Note
-------+----------+-------------------------------------------
     0 | D:1      | Klosterheim the Felid Ice Elementalist began the quest for
                  | the Orb.
     0 | D:1      | Reached XP level 1. HP: 7/7 MP: 4/4
   576 | D:1      | Found a faded altar of an unknown god.
   583 | D:1      | Reached XP level 2. HP: 11/11 MP: 1/6
   811 | D:1      | Reached skill level 4 in Ice Magic
  1484 | D:2      | Reached XP level 3. HP: 12/14 MP: 4/7
  2263 | D:2      | Learned a level 3 spell: Frozen Ramparts
  3119 | D:2      | Reached XP level 4. HP: 18/18 MP: 2/8
  3192 | D:3      | Mangled by an orc
  3193 | D:3      | Reached XP level 3. HP: -6/14 MP: 7/7
  3556 | D:3      | Reached skill level 5 in Ice Magic
  3556 | D:3      | Reached XP level 4. HP: 18/18 MP: 8/8
  3785 | D:3      | Slain by a gnoll

Illustrated notes

Levels and vault maps discovered:
D:1:      scummos_arrival_hexagon, layout_basic,
          shapermc_ecumenical_altar_notcrosses, bh_walls_and_bars
D:2:      layout_basic, minmay_misc_feat_encased
D:3:      layout_basic, gammafunk_ghost_split, uniq_terence

Skill      XL: |  1  2  3 |
---------------+----------+-----
Dodging        | 3 |  3.0
Stealth        | 3 4 |  4.8
Ice Magic      | 4 5 |  5.3
Spellcasting   | |  2.0

Action                   |  1- 3 |  4- 6 || total
-------------------------+-------+-------++-------
Melee: Unarmed           |    29 |     3 ||    32
       Bite              |     1 |       ||     1
 Cast: Freeze            |    43 |    12 ||    55
       Frozen Ramparts   |     2 |       ||     2
  Use: Scroll            |     7 |       ||     7
 Stab: Sleeping          |     7 |       ||     7
Armor: Skin              |     4 |       ||     4
Dodge: Dodged            |    38 |    18 ||    56

Table legend: (Time is in decaauts)
 A = Elapsed time spent in this place.
 B = Non-inter-level travel time spent in this place.
 C = Inter-level travel time spent in this place.
 D = Time resting spent in this place.
 E = Time spent auto-exploring this place.
 F = Levels seen in this place.
 G = Mean time per level.
                   A        B        C        D        E       F      G
               +--------+--------+--------+--------+--------+-----+--------+
         Total |   3394 |   3318 |     76 |   1575 |   1251 |   3 | 1131.3 |
       Dungeon |   3394 |   3318 |     76 |   1575 |   1251 |   3 | 1131.3 |
               +--------+--------+--------+--------+--------+-----+--------+

Top non-repeatable levels by time:
     D:2: 1548 daAuts
     D:1: 1258 daAuts
     D:3: 587 daAuts
